 Dungeon Crawl Stone Soup version 0.24.1-8-ga250c9d538 (webtiles) character file.

Game seed: 11170462002689079915, levelgen mode: deterministic

12567 Atelerd the Thaumaturge (level 11, -1/69 HPs)
             Began as an Octopode Wizard on May 6, 2020.
             Was a Believer of Sif Muna.
             Killed from afar by a swamp worm (9 damage)
             ... with a harpoon shot
             ... on level 4 of the Lair of Beasts.
             The game lasted 00:50:01 (19825 turns).

Atelerd the Thaumaturge (Octopode Wizard)          Turns: 19825, Time: 00:50:01

Health: -1/69      AC:  2    Str:  6    XL:     11   Next: 95%
Magic:  11/25      EV: 14    Int: 25    God:    Sif Muna [**....]
Gold:   796        SH:  4    Dex: 10    Spells: 21/30 levels left

rFire    + . .     SeeInvis +   g - +2 scimitar (elec)
rCold    . . .     Gourm    .   u - +0 buckler {rF+}
rNeg     . . .     Faith    .   B - +1 hat
rPois    .         Spirit   .   (no amulet)
rElec    .         Reflect  .   e - ring of see invisible
rCorr    .         Harm     .   w - ring of protection from magic
MR       +....                  (no ring)
Stlth    ++++......             (no ring)
HPRegen  0.21/turn              (no ring)
MPRegen  0.19/turn              (no ring)
                                (no ring)
                                (no ring)

@: no status effects
A: almost no armour, stealthy swim, amphibious, 8 rings, constrict 8, camouflage
1, gelatinous body 1
a: Channel Magic, Renounce Religion


You were on level 4 of the Lair of Beasts.
You worshipped Sif Muna.
Sif Muna was pleased with you.
You were not hungry.

You visited 3 branches of the dungeon, and saw 16 of its levels.

You collected 796 gold pieces.

Inventory:

Hand Weapons
 g - a +2 scimitar of electrocution (weapon)
 i - a +0 dagger
 t - a +1 dagger of venom
Missiles
 f - 84 poisoned darts (quivered)
 C - 7 atropa-tipped darts
Armour
 a - a +0 hat
 u - a +0 buckler of fire resistance (worn)
 B - a +1 hat (worn)
Magical Staves
 D - an uncursed staff of wizardry
Jewellery
 e - a ring of see invisible (left tentacle)
 m - an uncursed ring of ice
 w - a ring of protection from magic (right tentacle)
 H - an uncursed ring of poison resistance {unknown}
Wands
 q - a wand of scattershot (3)
 x - a wand of random effects (21)
 F - a wand of acid (6)
Scrolls
 j - 2 scrolls of fear
 k - 4 scrolls of immolation
 l - 8 scrolls of remove curse
 p - 2 scrolls of amnesia
 r - 2 scrolls of enchant armour
 v - 2 scrolls of fog
 y - 4 scrolls of identify
 z - 5 scrolls of teleportation
 E - a scroll of magic mapping
Potions
 d - 2 potions of mutation
 h - 3 potions of curing
 n - 2 potions of brilliance
 o - a potion of agility
 A - 2 potions of haste
 G - a potion of cancellation {unknown}
Comestibles
 c - 29 rations


   Skills:
 - Level 4.0 Fighting
 - Level 4.0 Dodging
 - Level 7.1 Stealth
 - Level 4.0 Shields
 - Level 10.0 Spellcasting
 + Level 9.9 Conjurations
   Level 1.0 Summonings
 - Level 3.0 Translocations
 - Level 2.0 Poison Magic
 - Level 8.6 Invocations
 - Level 2.0 Evocations


You had 21 spell levels left.
You knew the following spells:

 Your Spells              Type           Power        Failure   Level  Hunger
a - Magic Dart            Conj           ####         1%          1    None
b - Mephitic Cloud        Conj/Pois/Air  ####....     2%          3    None
c - Blink                 Tloc           N/A          2%          2    None
d - Conjure Flame         Conj/Fire      #####...     1%          3    None

Your spell library contained the following spells:

 Spells                   Type           Power        Failure   Level  Hunger
 Call Imp                 Summ           ###.....     4%          2    None
 Slow                     Hex            ##......     8%          2    None


Dungeon Overview and Level Annotations

Branches:
Dungeon (11/15)            Temple (1/1) D:5            Lair (4/6) D:8
  Swamp (0/4) Lair:4       Spider (0/4) Lair:4
    Orc: D:9-12

Altars:
Ashenzari
Cheibriados
Dithmenos
Elyvilon
Gozag
Kikubaaqudgha
Makhleb
Nemelex Xobeh
Ru
Sif Muna
Trog
Uskayaw
Vehumet
Xom
Yredelemnul
Zin

Annotations:
D:4 exclusion: 2 downstairs
D:5 exclusion: 2 downstairs
D:8 exclusion: downstairs
Lair:2 exclusion: oklob plant


Innate Abilities, Weirdness & Mutations

You cannot wear most types of armour.
You are very stealthy in the water. (Stealth+)
You are amphibious.
You can wear up to eight rings at the same time.
You can use your tentacles to constrict eight enemies at once.
Your skin changes colour to match your surroundings (Stealth+).
Your rubbery body absorbs attacks. (AC +1, EV +1)


Message History

The ball explodes into a vile cloud!
The stinking cloud engulfs the necromancer but does no damage.
The swamp worm seems less confused.
The swamp worm throws harpoon shot at you.
The harpoon shot hits you.
You are yanked forward by the harpoon shot.
Casting: Mephitic Cloud (safe; 2% risk of failure)
Confirm with . or Enter, or press ? or * to list all spells.
You blink.
The swamp worm bites you!
* * * LOW HITPOINT WARNING * * *
Unknown command.
Casting: Blink (safe; 2% risk of failure)
Confirm with . or Enter, or press ? or * to list all spells.
You blink.
You block the swamp worm's attack.
Casting: Blink (safe; 2% risk of failure)
Confirm with . or Enter, or press ? or * to list all spells.
You blink.
The swamp worm throws harpoon shot at you.
The harpoon shot hits you!
You die...

.##.....###.........โ‰ˆโ‰ˆโ‰ˆ..........
#.......######.........#........#
#....>..P#####..#..........###...
#........p.##.#.P......#.........
##.........p.....................
..........##.P#.....#............
#....#.....#####....#............
#....###..ยง#.###.................
#....###...w....@........##...###
#......###....#...##...#.##.#.#
##.##### #.#P.#...#####.####### ###
########..# ### ####


You could see a swamp worm.

Vanquished Creatures
  A two-headed ogre (D:10)
  Nergalle (D:10)
  Pikel (D:8)
  3 spiny frogs
  A komodo dragon (Lair:1)
  3 trolls
  2 tyrant leeches (Lair:4)
  3 blink frogs (Lair:1)
  A hippogriff (D:7)
  Sigmund (D:4)
  A redback (Lair:4)
  9 yaks
  A wyvern (D:10)
  A basilisk (Lair:2)
  A hungry ghost (D:7)
  A swamp worm (Lair:4)
  Menkaure (D:6)
  Edmund (D:5)
  4 water moccasins
  5 porcupines
  4 orc warriors
  2 ice beasts (D:9)
  2 sky beasts
  3 ogres
  A slave (D:8)
  3 black bears
  A necrophage (D:10)
  4 centaurs
  A phantom (D:10)
  6 crocodiles
  2 big kobolds (D:10)
  11 bullfrogs
  A wyvern zombie (D:9)
  A water moccasin zombie (D:5)
  A water moccasin skeleton (D:5)
  4 scorpions
  6 killer bees (D:9)
  2 electric eels (Lair:4)
  3 howler monkeys
  4 crimson imps
  2 hounds
  A quasit (D:4)
  3 jellies
  5 orc priests
  9 orc wizards
  2 iguanas
  Natasha (thrice) (D:2)
  5 worker ants
  3 hell rats (Lair:4)
  2 hound zombies
  A worker ant zombie (D:9)
  3 gnolls (D:6)
  14 adders
  2 shadow imps
  3 oozes
  An adder zombie (D:4)
  2 adder skeletons (D:9)
  5 worms
  2 dart slugs
  6 leopard geckos
  42 orcs
  6 bats
  8 giant cockroaches
  9 goblins
  4 hobgoblins
  5 jackals
  5 quokkas
  A ball python (D:2)
  7 frilled lizards
  12 kobolds
  A leopard gecko skeleton (D:4)
  A leopard gecko zombie (D:5)
  5 quokka skeletons
  A quokka zombie (D:8)
  8 rats
  A fungus (Lair:4)
294 creatures vanquished.

Vanquished Creatures (others)
  An ogre (D:8)
  2 killer bees (D:9)
  An electric eel (Lair:4)
  A fungus (Lair:4)
5 creatures vanquished.

Grand Total: 299 creatures vanquished

Notes
Turn   | Place    | Note
-------+----------+-------------------------------------------
     0 | D:1      | Atelerd the Octopode Wizard began the quest for the Orb.
     0 | D:1      | Reached XP level 1. HP: 11/11 MP: 4/4
   207 | D:1      | Reached XP level 2. HP: 17/17 MP: 0/6
   814 | D:2      | Reached XP level 3. HP: 13/21 MP: 5/7
  1088 | D:2      | Learned a level 3 spell: Mephitic Cloud
  1091 | D:2      | Learned a level 2 spell: Blink
  1105 | D:2      | Noticed Natasha
  1121 | D:2      | Killed Natasha
  1121 | D:2      | Reached XP level 4. HP: 26/27 MP: 5/9
  1326 | D:2      | Found a white marble altar of Elyvilon.
  1424 | D:2      | Found an opulent altar of Gozag.
  1540 | D:2      | Noticed Natasha
  1549 | D:2      | Killed Natasha
  1701 | D:2      | Noticed Natasha
  1725 | D:2      | HP: 1/27 [Natasha/magic dart (6)]
  1726 | D:2      | Killed Natasha
  1726 | D:2      | Reached skill level 1 in Poison Magic
  1726 | D:2      | Reached XP level 5. HP: 2/31 MP: 3/10
  2598 | D:3      | Found a snail-covered altar of Cheibriados.
  3362 | D:4      | Reached skill level 4 in Spellcasting
  3763 | D:4      | Noticed Sigmund
  3799 | D:4      | Killed Sigmund
  3799 | D:4      | Reached XP level 6. HP: 7/36 MP: 4/12
  4291 | D:4      | Reached skill level 5 in Conjurations
  4673 | D:4      | Reached XP level 7. HP: 33/41 MP: 10/14
  4811 | D:4      | Learned a level 3 spell: Conjure Flame
  4820 | D:4      | Reached skill level 5 in Spellcasting
  4994 | D:5      | Entered Level 5 of the Dungeon
  5919 | D:4      | Reached skill level 6 in Spellcasting
  5919 | D:4      | Reached XP level 8. HP: 15/46 MP: 0/17
  7133 | D:5      | Found a shadowy altar of Dithmenos.
  7143 | D:5      | Found a basalt altar of Yredelemnul.
  7228 | D:5      | Found a staircase to the Ecumenical Temple.
  7439 | D:6      | Noticed Edmund
  7461 | D:5      | Killed Edmund
  7461 | D:5      | Reached skill level 1 in Fighting
  7461 | D:5      | Reached skill level 1 in Evocations
  7676 | D:6      | HP: 2/48 [orc warrior/+0 dire flail of draining (4)]
  8008 | D:6      | Noticed Menkaure
  8019 | D:6      | Killed Menkaure
  8306 | D:6      | Reached skill level 7 in Spellcasting
  8306 | D:6      | Reached XP level 9. HP: 54/54 MP: 13/19
  8430 | D:6      | Reached skill level 5 in Stealth
  8640 | D:6      | Found a sparkling altar of Nemelex Xobeh.
  8743 | Temple   | Entered the Ecumenical Temple
  8808 | Temple   | Became a worshipper of Sif Muna the Loreminder
  8965 | D:7      | Reached skill level 8 in Spellcasting
  9204 | D:7      | Found a shimmering altar of Xom.
  9214 | D:7      | Found a shimmering altar of Xom.
  9215 | D:7      | Found a shimmering altar of Xom.
  9689 | D:8      | Noticed Pikel
  9698 | D:8      | Killed Pikel
  9698 | D:8      | Reached skill level 9 in Spellcasting
 10761 | D:8      | Found a staircase to the Lair.
 10824 | D:9      | Identified a scroll of acquirement
 10861 | D:9      | Reached skill level 1 in Shields
 10938 | D:9      | You fall into a shaft and drop 2 floors!
 10938 | D:11     | Found a shattered altar of Ashenzari.
 10939 | D:11     | Noticed a cyclops
 10952 | D:11     | Noticed a troll
 10962 | D:11     | Killed a troll
 10962 | D:11     | Reached XP level 10. HP: 40/60 MP: 11/23
 11033 | D:10     | Entered Level 10 of the Dungeon
 11033 | D:10     | Noticed Nergalle
 11934 | D:9      | Reached skill level 10 in Spellcasting
 12042 | D:9      | Reached * piety under Sif Muna
 12697 | D:9      | Reached skill level 1 in Invocations
 13079 | D:10     | Killed Nergalle
 13166 | D:10     | Reached skill level 5 in Invocations
 13732 | D:10     | Reached ** piety under Sif Muna
 14702 | D:10     | Noticed a two-headed ogre
 14777 | D:10     | Killed a two-headed ogre
 14777 | D:10     | Reached XP level 11. HP: 69/69 MP: 12/25
 15470 | Lair:1   | Entered Level 1 of the Lair of Beasts
 15474 | Lair:1   | Found a radiant altar of Vehumet.
 16441 | Lair:2   | Noticed an oklob plant
 18137 | Lair:4   | Found a hole to the Spider Nest.
 19675 | Lair:4   | Found a staircase to the Swamp.
 19747 | Lair:4   | Noticed a necromancer
 19825 | Lair:4   | Killed from afar by a swamp worm

Levels and vault maps discovered:
D:1:      eino_arrival_cavern_c, layout_loops_ring
D:2:      layout_loops_ring, marbit_many_paths, old_standard_altar, uniq_natasha
D:3:      layout_loops_ring, overflow_temple_1_default
D:4:      layout_loops_ring, first_ration, uniq_sigmund
D:5:      cheibrodos_fzero, layout_basic, amethyst_overflow_temple_binary,
          minmay_temple_entry_statues_pillars
D:6:      layout_rooms, lemuel_doored_altar, uniq_menkaure, uniq_edmund
D:7:      layout_gridville, xom_redecorated, grunt_ogre_cave
D:8:      layout_basic, lair_entry_dummy, uniq_pikel
D:9:      layout_basic, enter_bailey_3
D:10:     layout_basic, minmay_liquid_box, uniq_nergalle
D:11:     layout_basic, hiddenorc2_lemuel, basic_altar, serial_co_window_serial,
          co_window_paths_a, co_window_of_opportunity_a, co_window_paths_a,
          co_window_corner_a, co_window_paths_b, co_window_of_opportunity_b,
          co_window_2corner, co_window_unsneaky_path_a, co_window_corner_b,
          co_window_cross_3, co_window_paths_e, glass_columns_a,
          glass_columns_a, glass_columns_a, glass_columns_a
Temple:   bh_familiar_temple
Lair:1:   layout_regular_city, basic_altar, grunt_megastairs_2,
          serial_bayou_shore_b
Lair:2:   layout_cave_pods, lemuel_fruit_tree, minmay_lair_oklob_chamber
Lair:3:   layout_chaotic_city
Lair:4:   pond_and_an_island_with_a_cottage, layout_misc_corridors,
          minmay_swamp_entry_worms, spider_nest_entry_a,
          small_statue_intersection, minivault_26

Skill      XL: |  1  2  3  4  5  6  7  8  9 10 11 |
---------------+----------------------------------+-----
Conjurations   | 2 3 4 5 6 9 |  9.9
Poison Magic   | 1 2 |  2.0
Spellcasting   | 4 6 7 9 10 | 10.0
Fighting       | 2 4 |  4.0
Stealth        | 4 5 7 |  7.1
Evocations     | 2 |  2.0
Dodging        | 3 4 |  4.0
Shields        | 3 4 |  4.0
Invocations    | 8 |  8.6
Translocations | 3 |  3.0
Summonings     | |  1.0

Action                   |  1- 3 |  4- 6 |  7- 9 | 10-12 || total
-------------------------+-------+-------+-------+-------++-------
Melee: Unarmed           |    12 |       |       |       ||    12
       Constrict         |     8 |    24 |    54 |    48 ||   134
       Dagger            |    26 |   108 |   242 |   129 ||   505
       Tentacles         |     5 |     7 |    31 |    34 ||    77
       Scimitar          |       |       |       |   106 ||   106
Throw: Dart              |       |    17 |    72 |    16 ||   105
 Cast: Magic Dart        |    24 |    32 |   137 |   213 ||   406
       Mephitic Cloud    |     1 |    22 |    43 |    73 ||   139
       Conjure Flame     |       |       |     8 |    40 ||    48
       Blink             |       |       |     5 |    30 ||    35
Invok: Channel Magic     |       |       |       |     1 ||     1
Evoke: Wand              |       |     1 |     1 |     2 ||     4
  Use: Potion            |       |     6 |     2 |     6 ||    14
       Scroll            |       |       |    16 |     9 ||    25
 Stab: Sleeping          |     6 |     8 |     2 |     5 ||    21
       Confused          |       |     2 |     8 |    21 ||    31
  Eat: Chunk             |       |    10 |    14 |    20 ||    44
       Ration            |       |     1 |     2 |     2 ||     5
Armor: Skin              |     3 |    10 |    21 |     8 ||    42
Dodge: Dodged            |    19 |    69 |   181 |   168 ||   437
Block: Buckler           |       |       |     2 |    54 ||    56
       Rpst.: Scimitar   |       |       |       |    23 ||    23
